[ AOE2 MATCH · #505255477 ]
UnrankedBengalis vs Romans
Player's team · WIN
Rival team · LOSS
[ REPLAY ANALYSIS · EXTRACTED FROM THE RECORDED GAME ]
Feudal
10:31
Castle
15:21
Imperial
35:20
| APM avg | 55.5 |
| APM peak | 99 |
| eAPM avg | 32.5 |
| Villagers / military | 199 / 238 |
Focus
⚔️ 43.5% · 🌾 56.5%
Scout Cavalry ×144 · Archer ×39 · Armored Elephant ×16 · Mangonel ×13 · Scorpion ×8 · Trebuchet (Packed) ×7
Feudal
8:50
Castle
28:35
Imperial
34:00
| APM avg | 51.6 |
| APM peak | 81 |
| eAPM avg | 26.7 |
| Villagers / military | 166 / 135 |
Focus
⚔️ 39.0% · 🌾 61.0%
Spearman ×49 · Scorpion ×36 · Archer ×15 · Centurion ×12 · Scout Cavalry ×10 · Trebuchet (Packed) ×7
Match map
Initial resources + every placement click. Lines = walls · curves = elevation contours. ◆ gold · ⬟ stone · ● berries · ✦ relic · ◌ wall gap
Your base· ✓ Closed at 15:21 · 30t walls · 2 gate(s)
_Tomate's base· ✓ Closed at 28:35 · 0t walls · 3 gate(s)
Smoothed initial terrain · ◌ = detected wall gap · hover for details
Inputs per minute
— OOOOOOOOOOQo - - _Tomate
Build order — OOOOOOOOOOQo
First 150 of 554 actions detected
| 0:00 | Queue | Villager (Male) |
| 0:01 | Queue | Villager (Male) |
| 0:02 | Build | House |
| 0:03 | Build | House |
| 0:08 | Queue | Villager (Male) |
| 0:08 | Queue | Villager (Male) |
| 0:09 | Queue | Villager (Male) |
| 1:23 | Queue | Villager (Male) |
| 1:44 | Build | Lumber Camp |
| 1:57 | Queue | Villager (Male) |
| 2:13 | Queue | Villager (Male) |
| 2:45 | Queue | Villager (Male) |
| 2:45 | Queue | Villager (Male) |
| 3:10 | Queue | Villager (Male) |
| 3:11 | Queue | Villager (Male) |
| 3:33 | Queue | Villager (Male) |
| 3:48 | Build | House |
| 3:49 | Build | House |
| 3:50 | Build | House |
| 3:53 | Queue | Villager (Male) |
| 3:53 | Queue | Villager (Male) |
| 3:58 | Build | House |
| 4:20 | Queue | Villager (Male) |
| 4:32 | Queue | Villager (Male) |
| 4:33 | Queue | Villager (Male) |
| 4:50 | Build | Mill |
| 5:09 | Queue | Villager (Male) |
| 5:09 | Queue | Villager (Male) |
| 5:10 | Queue | Villager (Male) |
| 6:04 | Queue | Villager (Male) |
| 6:04 | Queue | Villager (Male) |
| 6:29 | Queue | Villager (Male) |
| 6:29 | Queue | Villager (Male) |
| 6:40 | Build | Farm |
| 7:30 | Queue | Villager (Male) |
| 7:41 | Build | Mining Camp |
| 8:15 | Research | Feudal Age |
| 8:15 | Research | Feudal Age |
| 8:30 | Queue | Villager (Male) |
| 8:31 | Research | Loom |
| 8:44 | Build | Farm |
| 8:46 | Build | Farm |
| 9:14 | Build | Palisade Wall |
| 9:24 | Build | Palisade Wall |
| 10:07 | Build | House |
| 10:24 | Build | Palisade Wall |
| 10:31 | Age | Feudal Age |
| 10:37 | Build | Watch Tower |
| 10:42 | Build | Watch Tower |
| 10:44 | Build | House |
| 11:01 | Build | House |
| 11:05 | Build | Stone Wall |
| 11:06 | Build | Stone Wall |
| 11:24 | Queue | Villager (Male) |
| 11:28 | Build | Stone Wall |
| 11:30 | Queue | Villager (Male) |
| 11:37 | Build | Market |
| 11:46 | Build | Blacksmith |
| 12:01 | Queue | Villager (Male) |
| 12:05 | Build | Stone Wall |
| 12:06 | Build | Stone Wall |
| 12:07 | Build | Stone Wall |
| 12:08 | Build | Stone Wall |
| 12:10 | Build | Stone Wall |
| 12:13 | Build | Stone Wall |
| 12:17 | Build | Stone Wall |
| 12:41 | Research | Castle Age |
| 13:02 | Research | Double-Bit Axe |
| 13:22 | Build | House |
| 13:23 | Build | House |
| 13:34 | Research | Horse Collar |
| 14:05 | Build | House |
| 14:07 | Build | House |
| 14:09 | Build | House |
| 14:24 | Queue | Villager (Male) |
| 14:35 | Build | Farm |
| 14:36 | Build | Farm |
| 15:02 | Build | Stone Wall |
| 15:21 | Age | Castle Age |
| 15:26 | Build | Siege Workshop |
| 15:28 | Queue | Villager (Male) |
| 15:38 | Research | Bow Saw |
| 15:41 | Build | Farm |
| 15:44 | Build | Farm |
| 15:57 | Queue | Villager (Male) |
| 16:02 | Build | Farm |
| 16:10 | Build | Monastery |
| 16:30 | Build | Watch Tower |
| 16:31 | Queue | Villager (Male) |
| 16:38 | Build | Farm |
| 16:49 | Queue | Armored Elephant |
| 16:51 | Queue | Monk |
| 16:54 | Build | House |
| 16:55 | Queue | Villager (Male) |
| 16:56 | Queue | Villager (Male) |
| 17:20 | Build | Farm |
| 17:21 | Build | Farm |
| 17:29 | Build | Farm |
| 17:30 | Build | Farm |
| 17:32 | Build | Farm |
| 17:43 | Build | House |
| 17:53 | Queue | Armored Elephant |
| 17:59 | Build | Farm |
| 18:07 | Queue | Scorpion |
| 18:12 | Queue | Villager (Male) |
| 18:17 | Build | House |
| 18:39 | Build | House |
| 18:46 | Queue | Monk |
| 18:56 | Build | Barracks |
| 18:59 | Build | House |
| 19:01 | Build | House |
| 19:25 | Queue | Scorpion |
| 19:27 | Queue | Villager (Male) |
| 19:41 | Queue | Monk |
| 19:51 | Build | Barracks |
| 19:54 | Queue | Villager (Male) |
| 19:58 | Queue | Villager (Male) |
| 20:28 | Queue | Scorpion |
| 20:43 | Queue | Villager (Male) |
| 20:44 | Queue | Scorpion |
| 21:07 | Queue | Villager (Male) |
| 21:07 | Queue | Villager (Male) |
| 21:09 | Build | Farm |
| 21:18 | Build | Town Center |
| 21:19 | Queue | Villager (Male) |
| 21:45 | Queue | Villager (Male) |
| 21:47 | Queue | Armored Elephant |
| 22:13 | Queue | Villager (Male) |
| 22:21 | Build | Town Center |
| 22:27 | Queue | Armored Elephant |
| 22:35 | Queue | Villager (Male) |
| 22:35 | Queue | Villager (Male) |
| 22:44 | Build | Barracks |
| 22:49 | Queue | Villager (Male) |
| 22:49 | Queue | Villager (Male) |
| 22:51 | Build | Farm |
| 23:01 | Queue | Villager (Male) |
| 23:01 | Queue | Villager (Male) |
| 23:31 | Queue | Monk |
| 23:35 | Queue | Villager (Male) |
| 23:35 | Queue | Villager (Male) |
| 23:44 | Queue | Villager (Male) |
| 23:45 | Queue | Villager (Male) |
| 23:48 | Build | Farm |
| 23:50 | Build | Farm |
| 23:51 | Build | Farm |
| 24:01 | Queue | Villager (Male) |
| 24:03 | Build | Farm |
| 24:05 | Build | Farm |
| 24:17 | Research | Sanctity |
Build order — _Tomate
First 150 of 504 actions detected
| 0:00 | Queue | Villager (Male) |
| 0:00 | Queue | Villager (Male) |
| 0:01 | Queue | Villager (Male) |
| 0:01 | Queue | Villager (Male) |
| 0:02 | Build | House |
| 0:03 | Build | House |
| 1:15 | Queue | Villager (Male) |
| 1:46 | Build | Lumber Camp |
| 1:52 | Queue | Villager (Male) |
| 2:05 | Queue | Villager (Male) |
| 2:05 | Queue | Villager (Male) |
| 2:19 | Queue | Villager (Male) |
| 2:53 | Queue | Villager (Male) |
| 2:54 | Queue | Villager (Male) |
| 3:25 | Queue | Villager (Male) |
| 3:47 | Build | House |
| 4:05 | Queue | Villager (Male) |
| 4:05 | Queue | Villager (Male) |
| 4:06 | Queue | Villager (Male) |
| 4:29 | Queue | Villager (Male) |
| 4:29 | Queue | Villager (Male) |
| 5:04 | Build | Mill |
| 5:31 | Queue | Villager (Male) |
| 5:40 | Build | House |
| 5:59 | Research | Loom |
| 6:28 | Research | Feudal Age |
| 6:39 | Build | Mining Camp |
| 8:46 | Queue | Villager (Male) |
| 8:48 | Build | House |
| 8:50 | Age | Feudal Age |
| 8:56 | Build | Watch Tower |
| 9:03 | Queue | Villager (Male) |
| 9:04 | Research | Double-Bit Axe |
| 9:04 | Research | Double-Bit Axe |
| 9:38 | Build | Barracks |
| 9:47 | Queue | Villager (Male) |
| 9:48 | Queue | Villager (Male) |
| 10:14 | Build | Watch Tower |
| 10:21 | Queue | Villager (Male) |
| 10:52 | Build | Archery Range |
| 10:55 | Queue | Villager (Male) |
| 11:13 | Build | Mining Camp |
| 11:16 | Queue | Villager (Male) |
| 11:42 | Queue | Villager (Male) |
| 11:55 | Build | House |
| 11:55 | Queue | Archer |
| 11:55 | Queue | Archer |
| 12:15 | Build | Watch Tower |
| 12:28 | Build | House |
| 12:31 | Queue | Villager (Male) |
| 12:31 | Queue | Villager (Male) |
| 12:32 | Queue | Villager (Male) |
| 12:44 | Build | Blacksmith |
| 12:46 | Queue | Archer |
| 13:08 | Build | House |
| 13:16 | Queue | Villager (Male) |
| 13:17 | Queue | Villager (Male) |
| 13:21 | Queue | Archer |
| 13:37 | Build | House |
| 13:39 | Research | Fletching |
| 13:43 | Build | Farm |
| 14:09 | Build | Outpost |
| 14:14 | Research | Town Watch |
| 14:25 | Queue | Archer |
| 14:44 | Build | Outpost |
| 14:47 | Queue | Villager (Male) |
| 14:59 | Build | Farm |
| 15:00 | Build | Farm |
| 15:07 | Build | Watch Tower |
| 15:28 | Queue | Villager (Male) |
| 15:28 | Queue | Villager (Male) |
| 15:32 | Build | Farm |
| 15:48 | Queue | Archer |
| 15:49 | Queue | Archer |
| 15:58 | Build | Farm |
| 16:00 | Build | Lumber Camp |
| 16:02 | Queue | Villager (Male) |
| 16:18 | Build | Farm |
| 16:22 | Build | Farm |
| 16:25 | Build | Farm |
| 16:29 | Queue | Villager (Male) |
| 16:40 | Queue | Villager (Male) |
| 16:46 | Queue | Archer |
| 16:53 | Build | Watch Tower |
| 17:07 | Build | House |
| 17:09 | Build | House |
| 17:13 | Queue | Villager (Male) |
| 17:38 | Queue | Villager (Male) |
| 17:47 | Build | Farm |
| 17:53 | Build | Farm |
| 18:03 | Queue | Archer |
| 18:03 | Queue | Archer |
| 18:13 | Build | Stable |
| 18:32 | Queue | Villager (Male) |
| 18:32 | Queue | Villager (Male) |
| 18:32 | Queue | Villager (Male) |
| 18:32 | Queue | Villager (Male) |
| 18:44 | Research | Forging |
| 19:36 | Queue | Scout Cavalry |
| 19:37 | Queue | Villager (Male) |
| 19:39 | Research | Wheelbarrow |
| 19:39 | Research | Wheelbarrow |
| 19:42 | Build | House |
| 19:43 | Build | House |
| 20:06 | Build | House |
| 20:09 | Build | House |
| 20:31 | Queue | Villager (Male) |
| 20:35 | Build | Mining Camp |
| 20:51 | Queue | Scout Cavalry |
| 21:04 | Queue | Scout Cavalry |
| 21:05 | Queue | Villager (Male) |
| 21:08 | Build | Market |
| 21:20 | Build | Watch Tower |
| 21:31 | Build | Farm |
| 21:34 | Build | Farm |
| 21:35 | Queue | Scout Cavalry |
| 22:15 | Queue | Scout Cavalry |
| 22:17 | Queue | Villager (Male) |
| 22:17 | Queue | Villager (Male) |
| 22:38 | Queue | Archer |
| 22:41 | Build | Mill |
| 22:50 | Queue | Scout Cavalry |
| 22:56 | Build | Stable |
| 22:57 | Queue | Villager (Male) |
| 22:58 | Build | Farm |
| 22:58 | Build | Farm |
| 22:59 | Research | Horse Collar |
| 23:14 | Queue | Archer |
| 23:19 | Build | House |
| 23:20 | Build | House |
| 23:21 | Build | House |
| 23:27 | Queue | Scout Cavalry |
| 23:32 | Build | Farm |
| 23:32 | Queue | Scout Cavalry |
| 23:36 | Queue | Scout Cavalry |
| 23:38 | Build | Farm |
| 23:38 | Build | Farm |
| 23:38 | Build | Farm |
| 23:42 | Queue | Villager (Male) |
| 23:56 | Queue | Scout Cavalry |
| 23:57 | Queue | Villager (Male) |
| 24:30 | Queue | Villager (Male) |
| 24:30 | Queue | Villager (Male) |
| 24:48 | Queue | Villager (Male) |
| 24:49 | Build | Farm |
| 24:50 | Build | Farm |
| 25:06 | Build | Farm |
| 25:07 | Build | Farm |
| 25:07 | Queue | Villager (Male) |
| 25:09 | Build | Farm |
Match timeline
| 8:50 | _Tomate · age_up feudal |
| 9:14 | OOOOOOOOOOQo · wall_segment Palisade Wall x5 |
| 9:24 | OOOOOOOOOOQo · wall_segment Palisade Wall x5 |
| 9:38 | _Tomate · first_building Barracks |
| 10:24 | OOOOOOOOOOQo · wall_segment Palisade Wall x5 |
| 10:31 | OOOOOOOOOOQo · age_up feudal |
| 10:52 | _Tomate · first_building Archery Range |
| 11:05 | OOOOOOOOOOQo · wall_segment Stone Wall x1 |
| 11:06 | OOOOOOOOOOQo · wall_segment Stone Wall x1 |
| 11:28 | OOOOOOOOOOQo · wall_segment Stone Wall x1 |
| 12:05 | OOOOOOOOOOQo · wall_segment Stone Wall x1 |
| 12:06 | OOOOOOOOOOQo · wall_segment Stone Wall x1 |
| 12:07 | OOOOOOOOOOQo · wall_segment Stone Wall x1 |
| 12:08 | OOOOOOOOOOQo · wall_segment Stone Wall x1 |
| 12:10 | OOOOOOOOOOQo · wall_segment Stone Wall x1 |
| 12:13 | OOOOOOOOOOQo · wall_segment Stone Wall x1 |
| 12:17 | OOOOOOOOOOQo · wall_segment Stone Wall x1 |
| 14:59 | OOOOOOOOOOQo · first_market_buy 100 stone |
| 15:02 | OOOOOOOOOOQo · wall_segment Stone Wall x5 |
| 15:21 | OOOOOOOOOOQo · age_up castle |
| 15:26 | OOOOOOOOOOQo · first_building Siege Workshop |
| 16:10 | OOOOOOOOOOQo · first_building Monastery |
| 16:48 | OOOOOOOOOOQo · first_market_sell 100 wood |
| 18:13 | _Tomate · first_building Stable |
| 18:56 | OOOOOOOOOOQo · first_building Barracks |
| 22:43 | _Tomate · first_market_sell 100 wood |
| 23:35 | _Tomate · first_market_buy 100 food |
| 28:35 | _Tomate · age_up castle |
| 29:17 | _Tomate · first_building Siege Workshop |
| 30:14 | _Tomate · first_building Monastery |
| 30:30 | OOOOOOOOOOQo · first_building Archery Range |
| 31:47 | OOOOOOOOOOQo · first_building Castle |
| 31:55 | _Tomate · first_building Castle |
| 34:00 | _Tomate · age_up imperial |
| 35:20 | OOOOOOOOOOQo · age_up imperial |
| 40:35 | OOOOOOOOOOQo · first_building Stable |
| 41:27 | OOOOOOOOOOQo · wall_segment Stone Wall x1 |
| 48:03 | OOOOOOOOOOQo · wall_segment Stone Wall x1 |
| 57:14 | _Tomate · resign |
[ AI ANALYSIS · 1 CREDIT ]
What really happened in this match?
Wolo.gg analyzes every decision: build order, eco, micro, common mistakes by bracket. Personalized analysis on WhatsApp or Discord in 30 seconds.
Civ guide
Bengalis
Perfil
OOOOOOOOOOQo